 Seeded DCSS version 0.29-a0-789-g7a8fcbc185 (webtiles) character file.

Game seed: 1570133099386417921 (custom seed)

288 blackman the Sneak (level 6, -2/47 HPs)
             Began as a Human Delver on July 2, 2022.
             Was an Initiate of Ashenzari.
             Slain by a gnoll
             ... wielding a +0 halberd
              (5 damage)
             ... on level 5 of the Dungeon.
             The game lasted 00:04:01 (1562 turns).

blackman the Sneak (Human Delver)                   Turns: 1562, Time: 00:04:02

Health: -2/47      AC:  3    Str: 14    XL:     6   Next: 57%
Magic:  6/6        EV: 11    Int: 10    God:    Ashenzari [......]
Gold:   45         SH:  0    Dex: 15    Spells: 5/5 levels left

rFire   . . .      SeeInvis .   e - +5 mace (drain)
rCold   . . .      Faith    .   d - +0 buckler
rNeg    . . .      Spirit   .   b - +0 leather armour
rPois   .          Reflect  .   (no helmet)
rElec   .          Harm     .   (no cloak)
rCorr   .          Rampage  .   (no gloves)
Will    .....                   (no boots)
Stlth   +.........              (no amulet)
HPRegen 0.15/turn               (no ring)
MPRegen 0.10/turn               (no ring)

@: confused
A: no striking features
a: Renounce Religion, Curse Item


You were on level 5 of the Dungeon.
You worshipped Ashenzari.
Ashenzari was noncommittal.
You visited 2 branches of the dungeon, and saw 5 of its levels.

You collected 45 gold pieces.

Inventory:

Hand Weapons
 a - a +0 hand axe
 e - a +5 mace of draining (weapon)
Armour
 b - a +0 leather armour (worn)
 d - a +0 buckler (worn)
Jewellery
 f - a ring of protection from cold
Wands
 g - a wand of digging (3)
Scrolls
 c - a scroll of fog
 h - a scroll of enchant weapon {unknown}
 i - a scroll of vulnerability {unknown}
 j - a scroll of noise {unknown}
 k - a scroll of identify {unknown}


   Skills:
 - Level 3.0 Fighting
 - Level 3.9 Axes
 * Level 4.9 Ranged Weapons
 - Level 2.0 Dodging
 - Level 5.0 Stealth


You had 5 spell levels left.
You didn't know any spells.
Your spell library contained the following spells:

 Spells                   Type           Power      Damage    Failure   Level
 Foxfire                  Conj/Fire      0%         2x1d4     54%         1
 Conjure Flame            Conj/Fire      0%         6-21      89%         3
 Inner Flame              Hex/Fire       0%         N/A       89%         3
 Flame Wave               Conj/Fire      0%         2d4       100%        4


Dungeon Overview and Level Annotations

Branches:
Dungeon (5/15)             Temple (1/1) D:5

Altars:
Ashenzari
Cheibriados
Dithmenos
Elyvilon
Hepliaklqana
Kikubaaqudgha
Makhleb
Nemelex Xobeh
Qazlal
Ru
Sif Muna
Trog
Vehumet
Wu Jian
Xom
Yredelemnul
Zin
The Shining One

Annotations:
Temple 2 transporters


Message History

Found a stone staircase leading down.
There is a stone staircase leading down here.
You climb downwards.
Found a murky emerald potion.
Found an escape hatch in the floor.
There is a stone staircase leading up here.
The orc shouts!
You hear a shout!
The orc throws a boomerang.
The boomerang hits you.
A gnoll comes into view. It is wielding a +0 club.
The gnoll moves out of view.
The gnoll shouts!
You hear a shout! x3
You hit the orc but do no damage. The orc barely misses you.
The gnoll hits you from afar with a +0 halberd!
You sock the gnoll! You drain the gnoll.
You kill the gnoll!
The gnoll barely misses you. The orc hits you with a +0 flail!
You hit the orc.
The orc is severely wounded.
A gnoll comes into view. It is wielding a +0 whip.
The gnoll hits you from afar with a +0 halberd!
A gnoll comes into view. It is wielding a +0 club.
The orc hits you with a +0 flail.
* * * LOW HITPOINT WARNING * * *
You are too injured to fight recklessly!
You barely miss the orc wizard.
The gnoll hits you from afar with a +0 halberd.
* * * LOW HITPOINT WARNING * * *
The orc wizard casts a spell at you.
You are confused.
The orc hits you with a +0 flail.
* * * LOW HITPOINT WARNING * * *
The gnoll hits you from afar with a +0 halberd.
* * * LOW HITPOINT WARNING * * *
The orc wizard hits you but does no damage.
The orc hits you with a +0 flail.
* * * LOW HITPOINT WARNING * * *
You are too confused!
Unknown command.
The orc wizard hits you but does no damage.
The gnoll hits you from afar with a +0 halberd.
You die...

.......<.....g...≈≈≈≈≈≈...
.......##..#..#..≈≈≈≈≈≈≈≈≈
..#..#.##..#..#...≈≈≈≈≈≈≈≈
#. #.....#..#.....≈≈≈≈≈≈ #
#....##..........≈≈≈≈
#....................
.....go...............
...####)o...............
...g.g.@o...............
#######.........##.####.
#####...#.#......# #§
##.......#.#.###..# #.
.................. ##
.........#.#.## #8
.........#.#.## ##
............!.. #
##.###.....#.##


You could see an orc wizard, 3 gnolls and 2 orcs.

Vanquished Creatures
  A water moccasin (D:5)
  A phantom (D:5)
  A hound (D:4)
  A bouda (D:4)
  2 gnolls
  2 adders
  A worm (D:3)
  A hobgoblin (D:2)
  A kobold (D:2)
  A quokka (D:3)
  5 ball pythons (D:3)
  A bat (D:3)
18 creatures vanquished.

Notes
Turn   | Place    | Note
-------+----------+-------------------------------------------
     0 | D:5      | blackman the Human Delver began the quest for the Orb.
     0 | D:5      | Reached XP level 1. HP: 18/18 MP: 1/1
    10 | D:5      | Found a staircase to the Ecumenical Temple.
    18 | D:5      | Noticed a phantom
    23 | D:5      | Killed a phantom
    23 | D:5      | Noticed a water moccasin
    24 | D:5      | Reached XP level 2. HP: 24/24 MP: 2/2
    24 | D:5      | Reached XP level 3. HP: 29/29 MP: 3/3
    24 | D:5      | Reached XP level 4. HP: 35/35 MP: 4/4
    26 | D:5      | Killed a water moccasin
    27 | D:5      | Reached XP level 5. HP: 41/41 MP: 5/5
    35 | Temple   | Entered the Ecumenical Temple
    35 | Temple   | Found a transporter.
    35 | Temple   | Found a transporter.
    37 | Temple   | Found a transporter.
    37 | Temple   | Found a transporter.
    53 | Temple   | Became a worshipper of Ashenzari the Shackled
   113 | D:4      | Reached XP level 6. HP: 29/47 MP: 6/6
   120 | D:4      | HP: 1/47 [gnoll/+0 flail[a bouda] (6)]
  1561 | D:5      | HP: 2/47 [orc/+0 flail (3)]
  1562 | D:5      | Slain by a gnoll

Illustrated notes

Levels and vault maps discovered:
D:2:      minmay_inner_zag, layout_basic, hangedman_decor_peaks_small,
          minmay_tetromino_t2
D:3:      layout_loops_ring, serial_shops, shop_statue
D:4:      layout_loops_ring
D:5:      layout_basic, temple_pool_b, lemuel_flamethrower_2
Temple:   hellmonk_temple_divided_pantheon

Skill      XL: |  1  2  3  4 |
---------------+-------------+-----
Axes           | 3 |  3.9
Ranged Weapons | 3 4 |  4.9
Fighting       | |  3.0
Dodging        | |  2.0
Stealth        | |  5.0

Action                   |  1- 3 |  4- 6 || total
-------------------------+-------+-------++-------
Melee: Hand axe          |       |    50 ||    50
       Mace              |       |    18 ||    18
Evoke: Wand              |     4 |     5 ||     9
  Use: Potion            |       |     1 ||     1
       Scroll            |       |     2 ||     2
 Stab: Sleeping          |       |     2 ||     2
Armor: Leather armour    |       |     9 ||     9
Dodge: Dodged            |       |    48 ||    48
Block: Buckler           |       |     6 ||     6

Table legend: (Time is in decaauts)
 A = Elapsed time spent in this place.
 B = Non-inter-level travel time spent in this place.
 C = Inter-level travel time spent in this place.
 D = Time resting spent in this place.
 E = Time spent auto-exploring this place.
 F = Levels seen in this place.
 G = Mean time per level.
                   A        B        C        D        E       F      G
               +--------+--------+--------+--------+--------+-----+--------+
         Total |   1563 |   1343 |    220 |    678 |    354 |   5 |  312.6 |
       Dungeon |   1527 |   1339 |    188 |    678 |    354 |   4 |  381.8 |
        Temple |     36 |      4 |     32 |      0 |      0 |   1 |   36.0 |
               +--------+--------+--------+--------+--------+-----+--------+

Top non-repeatable levels by time:
     D:3: 980 daAuts
     D:2: 354 daAuts
     D:4: 123 daAuts
     D:5: 69 daAuts
  Temple: 36 daAuts
